 Dungeon Crawl Stone Soup version 0.14-a0-882-gdff4d47 (webtiles) character file.

844 Malachi the Ducker (level 7, 0/45 HPs)
             Began as a Formicid Warper on Nov 17, 2013.
             Slain by a yak (15 damage)
             ... on Level 4 of the Dungeon.
             The game lasted 00:09:28 (4488 turns).

Malachi the Ducker (Formicid Warper)                Turns: 4488, Time: 00:09:28

HP   0/45        AC 11     Str 18      XL: 7   Next: 99%
MP   7/12        EV 12     Int 12      God:
Gold 253         SH  0     Dex 10      Spells:  2 memorised,  9 levels left

Res.Fire  : . . .   See Invis. : +   v - +4 scythe (slice)
Res.Cold  : . . .   Warding    : .   b - +0 leather armour
Life Prot.: . . .   Conserve   : .   (no shield)
Res.Poison: .       Res.Corr.  : .   (helmet unavailable)
Res.Elec. : .       Clarity    : .   x - +2 cloak {rPois}
Sust.Abil.: . .     Spirit.Shd : .   r - +2 pair of gloves
Res.Mut.  : .       Stasis     : +   D - +0 pair of boots
Res.Rott. : .       Flight     : .   (no amulet)
Saprovore : . . .                    (no ring)
                                     (no ring)

@: slightly resistant to hostile enchantments, very unstealthy
A: permanent stasis, dig shafts and tunnels, four strong arms, poison weakness,
antennae 3, exoskeleton 1
a: Dig, Shaft Self


You were on level 4 of the Dungeon.
You were hungry.

You visited 1 branch of the dungeon, and saw 5 of its levels.

You collected 253 gold pieces.

Inventory:

Hand weapons
 a - a +0,+0 spear
 v - a +4,+4 scythe of slicing (weapon)
Missiles
 e - a dart
 f - 10 darts of dispersal
 q - a javelin (quivered)
 J - 3 tomahawks
Armour
 b - a +0 leather armour (worn)
 r - a +2 pair of gloves (worn)
 x - a +2 cloak of poison resistance (worn)
 D - a +0 pair of boots (worn)
Magical devices
 u - a wand of digging (14)
Comestibles
 g - 5 bread rations
 l - 3 meat rations
 A - 8 sultanas
 C - a banana
 L - a snozzcumber
Jewellery
 t - an uncursed ring of fire
Potions
 h - 2 potions of curing
 o - a potion of resistance
 p - 2 potions of heal wounds
 z - a potion of porridge {unknown}
 B - a potion of paralysis {unknown}
 E - a potion of slowing {unknown}
 H - a potion of mutation {unknown}
Books
 c - a book of Spatial Translocations

   Spells                             Type                      Level
   *Apportation                       Translocation                1
   *Portal Projectile                 Translocation                2
   Blink                              Translocation                2
   Shroud of Golubria                 Charms/Translocation         2
   Teleport Other                     Translocation                3
   Passage of Golubria                Translocation                4


   Skills:
 + Level 3.1 Fighting
   Level 0.6 Maces & Flails
 + Level 3.2 Polearms
 + Level 1.7 Throwing
 + Level 2.9 Armour
 + Level 4.2 Dodging
 + Level 3.0 Spellcasting
 + Level 3.9 Translocations


You had 9 spell levels left.
You knew the following spells:

 Your Spells              Type           Power        Failure   Level  Hunger
a - Apportation           Tloc           ##........   6%          1    #......
b - Portal Projectile     Tloc           ##....       10%         2    ##.....


Dungeon Overview and Level Annotations

Branches:
Dungeon (5/16)
 Temple: D:4-7

Altars:
Elyvilon
Kikubaaqudgha
Sif Muna

Shops:
D:4 +


Innate Abilities, Weirdness & Mutations

Your are under a permanent stasis effect.
You can dig through walls and to a lower floor.
Your four strong arms can wield any weapon, most with a shield.
You are susceptible to poison.
You have a pair of large antennae on your head (SInv).
Your body is surrounded by an exoskeleton. (HP +5, AC +1)


Message History

Aim: a yak (heavily wounded) Magically, you throw a javelin.
The javelin hits the yak.
The yak is heavily wounded.
The yak gores you.
Casting: Portal Projectile
Confirm with . or Enter, or press ? or * to list all spells.
Throwing (i - inventory. (,) - cycle):
q - 2 javelins (quivered)
Press: ? - help, Shift-Dir - straight line, f/p - yak
Aim: a yak (heavily wounded) Magically, you throw a javelin.
The javelin hits the yak.
The yak is heavily wounded.
The yak gores you! The yak closely misses you.
You hit the yak.
The yak is heavily wounded.
The yak misses you. The yak barely misses you.
You slash the yak!
The yak is almost dead.
The yak gores you!
You die...

#..#.########.#)#..########
#..#.# #.#.#..#.......
#..#.########.#.#..#.######
#..#............#..#.#
#..###.8..∩..8.....#.#
#..>Y.........####.#.#
#..#####.#####.###.#.##
#..(.....####.#.......#
#.####..YY@..>.....#..####
#.# #.#######.#####.....##
#.# #.# #.# #.#...... #.#
#.# #.# ##.#.#.##
#.####.#######.######.##.#
#..................#####.#
##################.# #.#
#.#####.## #.........


You could see 2 yaks.

Vanquished Creatures
  A yak (D:4)
  The ghost of bart the Twirler, an average FoGl (D:3)
  A jelly (D:4)
  Crazy Yiuf (D:2)
  A hound (D:4)
  An orc wizard (D:4)
  A worker ant (D:4)
  Ijyb (D:3)
  Jessica (D:3)
  5 adders
  An inept feature mimic (D:3)
  A giant gecko (D:2)
  An ooze (D:1)
  12 orcs
  10 bats
  3 giant cockroaches
  2 goblins
  5 hobgoblins
  4 jackals (D:3)
  A quokka (D:4)
  A giant gecko skeleton (D:4)
  4 giant newts
  A goblin zombie (D:4)
  11 kobolds
  10 rats
81 creatures vanquished.

Vanquished Creatures (others)
  Sigmund (D:2)
1 creature vanquished.

Grand Total: 82 creatures vanquished

Notes
Turn   | Place    | Note
--------------------------------------------------------------
     0 | D:1      | Malachi, the Formicid Warper, began the quest for the Orb.
     0 | D:1      | Reached XP level 1. HP: 17/17 MP: 1/1
   380 | D:1      | Reached XP level 2. HP: 21/21 MP: 3/3
   512 | D:1      | Reached skill level 3 in Translocations
  1070 | D:2      | Reached XP level 3. HP: 17/25 MP: 4/4
  1491 | D:2      | Learned a level 2 spell: Portal Projectile
  1632 | D:2      | Noticed Sigmund
  1646 | D:2      | Killed Sigmund
  1646 | D:2      | Reached XP level 4. HP: 24/31 MP: 1/6
  1646 | D:2      | Reached XP level 5. HP: 27/35 MP: 1/7
  1791 | D:2      | Found a deep blue altar of Sif Muna.
  2251 | D:2      | Noticed Crazy Yiuf
  2273 | D:2      | Killed Crazy Yiuf
  2498 | D:3      | Reached XP level 6. HP: 38/40 MP: 9/9
  2515 | D:3      | Noticed Jessica
  2525 | D:3      | Killed Jessica
  2525 | D:3      | Reached skill level 1 in Throwing
  2598 | D:3      | Noticed bart's ghost (average FoGl)
  2676 | D:3      | HP: 2/40 [bart's ghost (10)]
  2960 | D:3      | Noticed Ijyb
  2967 | D:3      | Killed Ijyb
  3260 | D:3      | Killed bart's ghost
  3689 | D:4      | Reached XP level 7. HP: 41/45 MP: 11/11
  3731 | D:4      | Found Chyrgh's Book Boutique.
  3965 | D:4      | Found a white marble altar of Elyvilon.
  4096 | D:4      | Found an ancient bone altar of Kikubaaqudgha.
  4299 | D:4      | Reached skill level 4 in Dodging
  4460 | D:5      | Entered Level 5 of the Dungeon
  4460 | D:5      | Noticed a yak
  4460 | D:5      | Noticed a yak
  4460 | D:5      | Noticed a yak
  4460 | D:5      | Noticed a yak
  4462 | D:5      | Noticed a yak
  4468 | D:4      | Killed a yak
  4488 | D:4      | Slain by a yak

Action                   |  1- 3 |  4- 6 |  7- 9 || total
-------------------------+-------+-------+-------++-------
Melee: Spear             |    30 |       |       ||    30
       Whip              |    59 |     3 |       ||    62
       Scythe            |       |    97 |    72 ||   169
Throw: Javelin           |     2 |    18 |     8 ||    28
       Dart              |     1 |       |       ||     1
 Cast: Portal Projectile |     3 |    18 |     8 ||    29
 Abil: Dig               |       |     2 |       ||     2
  Use: Potion            |       |     1 |       ||     1
       Scroll            |       |       |     9 ||     9
 Stab: Sleeping          |       |       |     1 ||     1
